 Dungeon Crawl Stone Soup version 0.26.1-11-gd32895ea62 (webtiles) character file.

Game seed: 8675485819255680078

435 ZappyNine the Cutter (level 7, 0/44 HPs)
             Began as a Kobold Berserker on July 5, 2021.
             Was a Priest of Trog.
             Slain by a gnoll sergeant
             ... wielding a +1 trident of protection
              (11 damage)
             ... on level 4 of the Dungeon.
             The game lasted 00:04:20 (4855 turns).

ZappyNine the Cutter (Kobold Berserker)             Turns: 4855, Time: 00:04:21

Health: 0/44       AC:  4    Str: 14    XL:     7   Next: 21%
Magic:  7/7        EV: 15    Int:  8    God:    Trog [***...]
Gold:   180        SH:  5    Dex: 17    Spells: 6/6 levels left

rFire    + . .     SeeInvis .   a - +0 short sword
rCold    + . .     Faith    .   c - +0 buckler
rNeg     . . .     Spirit   .   b - +0 animal skin
rPois    +         Reflect  .   e - +1 hat
rElec    +         Harm     .   n - +0 cloak
rCorr    +         Rampage  .   (no gloves)
Will     ++...                  (no boots)
Stlth    ++++......             (no amulet)
HPRegen  1.14/turn              (no ring)
MPRegen  0.10/turn              (no ring)

@: resistant, berserk cooldown, regenerating (expiring), slowed, very slow
A: small, nightstalker 3
a: Renounce Religion, Berserk, Trog's Hand


You were on level 4 of the Dungeon.
You worshipped Trog.
Trog was most pleased with you.
You visited 1 branch of the dungeon, and saw 4 of its levels.

You collected 180 gold pieces.

Inventory:

Hand Weapons
 a - a +0 short sword (weapon)
Armour
 b - a +0 animal skin (worn)
 c - a +0 buckler (worn)
 e - a +1 hat (worn)
 n - a +0 cloak (worn)
Jewellery
 k - a +6 ring of dexterity
 r - an uncursed ring of magical power
Wands
 t - a wand of flame (18)
Scrolls
 h - 3 scrolls of remove curse
 i - 5 scrolls of identify
 l - 2 scrolls of amnesia
Potions
 d - a potion of curing
 f - 2 potions of heal wounds
 o - 2 potions of brilliance {unknown}
 p - 2 potions of ambrosia {unknown}
 s - a potion of haste {unknown}
 v - a potion of flight {unknown}


   Skills:
 + Level 5.1 Fighting
 + Level 6.1 Short Blades
 - Level 1.5 Armour
 - Level 2.4 Dodging
 + Level 4.9 Stealth
 + Level 2.3 Shields


You had 6 spell levels left.
You didn't know any spells.
Your spell library was empty.

Dungeon Overview and Level Annotations

Branches:
Dungeon (4/15)
 Temple: D:4-7

Altars:
Cheibriados
Elyvilon
Gozag
Makhleb
The Shining One


Innate Abilities, Weirdness & Mutations

You are small and have problems with some larger weapons.
You are completely attuned to the shadows.


Message History

You hit the gnoll sergeant.
The gnoll sergeant is heavily wounded.
The gnoll sergeant completely misses you.
The gnoll hits you from afar with a +0 spear.
You puncture the gnoll sergeant!
The gnoll sergeant is almost dead.
You barely miss the gnoll sergeant.
The gnoll sergeant is almost dead.
You are no longer berserk.
You are exhausted.
You feel yourself slow down.
The gnoll hits you from afar with a +0 spear.
The gnoll sergeant misses you.
The gnoll sergeant hits you from afar with a +1 trident of protection!
* * * LOW HITPOINT WARNING * * *
The gnoll sergeant hits you from afar with a +1 trident of protection.
* * * LOW HITPOINT WARNING * * *
You feel the effects of Trog's Hand fading.
The gnoll sergeant hits you from afar with a +1 trident of protection!
You die...

#..≈≈≈≈≈≈≈≈≈..##
###.≈##≈≈≈##≈...#
##..≈#######≈.#...
#...≈ ..g#≈≈.##..
....≈
.g.g...####..#
..#.≈
..g#≈≈g..##..#
...[≈ ##
##≈.g......##
.†..≈ #≈#........#
....≈
≈≈≈..#@....##
.##..
#....##.....#
#...# ..###..<..#
##### ....# ..
##....####.#.##
###.##
#..#...†.#....#
......
.............#.#
#.....
.............#.#
...#..
#...........##
#..... .
##[....<....##


You could see a gnoll sergeant and a gnoll.

Vanquished Creatures
  An ogre (D:4)
  A scorpion (D:4)
  A bullfrog skeleton (D:4)
  A hound (D:4)
  Jessica (D:2)
  2 worker ants (D:4)
  3 adders
  A shadow imp (D:3)
  A white imp (D:2)
  8 worms
  3 dart slugs
  5 leopard geckos
  7 orcs
  8 bats
  6 giant cockroaches
  5 goblins
  7 hobgoblins
  7 jackals
  9 kobolds
  2 ball pythons (D:1)
  4 frilled lizards
  7 rats
90 creatures vanquished.

Notes
Turn   | Place    | Note
-------+----------+-------------------------------------------
     0 | D:1      | ZappyNine the Kobold Berserker began the quest for the Orb.
     0 | D:1      | Reached XP level 1. HP: 14/14 MP: 1/1
   126 | D:1      | Reached skill level 1 in Stealth
   126 | D:1      | Reached XP level 2. HP: 16/19 MP: 2/2
  1185 | D:2      | Reached XP level 3. HP: 24/24 MP: 3/3
  1684 | D:2      | Reached ** piety under Trog
  1739 | D:2      | Reached XP level 4. HP: 29/29 MP: 4/4
  1740 | D:2      | Noticed Jessica
  1743 | D:2      | Killed Jessica
  1972 | D:2      | Reached skill level 5 in Short Blades
  1972 | D:2      | Reached skill level 1 in Shields
  2197 | D:2      | Reached XP level 5. HP: 32/33 MP: 5/5
  2298 | D:2      | Found a glowing golden altar of the Shining One.
  2581 | D:2      | Found a burning altar of Makhleb.
  2987 | D:3      | Found an opulent altar of Gozag.
  4006 | D:3      | Found a white marble altar of Elyvilon.
  4181 | D:4      | Reached *** piety under Trog
  4182 | D:4      | Reached XP level 6. HP: 39/39 MP: 6/6
  4680 | D:4      | Noticed an ogre
  4686 | D:4      | Killed an ogre
  4687 | D:4      | Reached skill level 5 in Fighting
  4687 | D:4      | Reached skill level 6 in Short Blades
  4687 | D:4      | Reached XP level 7. HP: 44/44 MP: 7/7
  4759 | D:4      | Found a snail-covered altar of Cheibriados.
  4855 | D:4      | Slain by a gnoll sergeant

Illustrated notes

Levels and vault maps discovered:
D:1:      nicolae_arrival_somewhat_less_tricky_arrival, layout_basic
D:2:      layout_basic, marbit_many_paths, lightli_temple_of_fire,
          kennysheep_generic_room_4, uniq_jessica
D:3:      layout_loops_ring, elyvilon_altar_5, overflow_temple_1_default
D:4:      layout_cave_pools, cheibriados_altar_1, gup_sewer_entry_spiral,
          lightli_minifort

Skill      XL: |  1  2  3  4  5  6 |
---------------+-------------------+-----
Stealth        | 1 2 3 4 |  4.9
Fighting       | 4 5 |  5.1
Short Blades   | 5 6 |  6.1
Shields        | 1 2 |  2.3
Armour         | |  1.5
Dodging        | |  2.4

Action                   |  1- 3 |  4- 6 |  7- 9 || total
-------------------------+-------+-------+-------++-------
Melee: Short sword       |    79 |   207 |    19 ||   305
Invok: Berserk           |     1 |     5 |     1 ||     7
       Trog's Hand       |       |     1 |     1 ||     2
  Use: Scroll            |       |       |     7 ||     7
       Potion            |       |       |     3 ||     3
 Stab: Sleeping          |    13 |    20 |     3 ||    36
       Distracted        |     1 |       |       ||     1
Armor: Animal skin       |    12 |    19 |       ||    31
Dodge: Dodged            |    44 |    99 |    14 ||   157
Block: Buckler           |     9 |    29 |     2 ||    40
